 Dungeon Crawl Stone Soup version 0.29-a0-275-g389c0b56f3 (webtiles) character file.

Game seed: 9855286129385361319

53 spaghetti the Cudgeller (level 3, -43/29 HPs)
             Began as a Mummy Fighter on Mar 10, 2022.
             Killed by an exploding adder (45 damage)
             ... ignited by their inner flame
             ... on level 2 of the Dungeon.
             The game lasted 00:01:50 (1358 turns).

spaghetti the Cudgeller (Mummy Fighter)             Turns: 1358, Time: 00:01:50

Health: -43/29     AC:  7    Str: 21    XL:     3   Next: 62%
Magic:  3/3        EV:  9    Int:  7    God:
Gold:   51         SH:  4    Dex: 11    Spells: 2/2 levels left

rFire   x . .      SeeInvis .   a - +1 flail {mace}
rCold   + . .      Faith    .   c - +0 buckler
rNeg    + + +      Spirit   .   b - +0 scale mail rPois โˆž Reflect .
                                e - +0 helmet
rElec   .          Harm     .   (no cloak)
rCorr   .          Rampage  .   (no gloves)
Will    .....                   (no boots)
Stlth   ..........              (no amulet)
HPRegen 0.09/turn               (no ring)
MPRegen 0.08/turn               (no ring)

@: no status effects
A: cold resistance 1, negative energy resistance 3, torment resistance 2, heat
vulnerability 1, in touch with death 1, no potions
a: no special abilities


You were on level 2 of the Dungeon.
You visited 1 branch of the dungeon, and saw 2 of its levels.

You collected 51 gold pieces.


Innate Abilities, Weirdness & Mutations

You are immune to poison.
Your flesh is cold resistant. (rC+)
You are immune to negative energy. (rN+++)
You are immune to unholy pain and torment.
You are vulnerable to heat. (rF-)
You are in touch with the powers of death.
You do not drink.


   Skills:
 - Level 3.0 Fighting
 + Level 3.3 Maces & Flails
 - Level 2.4 Armour
 - Level 2.4 Shields


You had 2 spell levels left.
You didn't know any spells.
Your spell library contained the following spells:

 Spells                   Type           Power      Damage    Failure   Level
 Gell's Gravitas          Tloc           0%         N/A       99%         3
 Teleport Other           Tloc           0%         N/A       99%         3
 Dispersal                Tloc           0%         N/A       100%        6

Inventory:

Hand Weapons
 a - a +1 flail (weapon) {mace}
Missiles
 g - 31 stones (quivered) {throwing}
 j - 9 poisoned darts {throwing}
Armour
 b - a +0 scale mail (worn)
 c - a +0 buckler (worn)
 e - a +0 helmet (worn)
   (You found it on level 1 of the Dungeon)
Scrolls
 d - a scroll of vulnerability {!r!r}
 i - a scroll of identify {@r1}

Dungeon Overview and Level Annotations

Branches:
Dungeon (2/15)

Altars:

#.# #... #.# ... #.# .. #.#
#.# ### #.# #.. .... .
#.#########..###..# .
#.........#.......#
.#.###...#####.###ยง###.####
.....'...'......@โ—‹gg.......
.#####...####.#####โ€ ##.####
.........'......# #.##.#
#..###...####.#.# #g.#.#
.........'....#+####.#.#
#..##....####....# #g#.#
#..##.##.# #....# #...#
#...#.##.# #....# ##..# #
#.#.#.##.####....# #..####.#


You could see 2 goblins.


Message History

Robin says, "Feeling lonely?"
Robin hits you with a +0 short sword.
You thump Robin! You block the hobgoblin's attack.
Robin hits you but does no damage. The hobgoblin hits you.
Robin closely misses you. ๐Ÿ˜• HP[-3]
You take 3 damage, and now have 23/29 hp.
You hit Robin but do no damage. The hobgoblin closely misses you.
Robin throws the goblin at you! The goblin hits you with a +0 club.
You are too injured to fight recklessly!
You are too injured to fight recklessly! ๐Ÿ˜ฎ HP[-4]
You take 4 damage, and now have 19/29 hp.
You are too injured to fight recklessly!
You are too injured to fight recklessly!
You are too injured to fight recklessly!
You are too injured to fight recklessly!
You are too injured to fight recklessly!
You are too injured to fight recklessly!
You are too injured to fight recklessly!
Unknown command.
You thump Robin!
You kill Robin!
You block the adder's attack. The goblin hits you but does no damage.
The hobgoblin hits you but does no damage.
The adder closely misses you.
You barely miss the adder. The goblin hits you with a +0 club.
The hobgoblin barely misses you. The adder barely misses you.
The goblin closely misses you.
The hobgoblin hits you but does no damage. ๐Ÿ˜ฎ HP[-2]
You take 2 damage, and now have 17/29 hp.
You closely miss the adder.
The goblin no longer looks unusually strong.
The adder bites you but does no damage. You block the adder's attack.
You block the goblin's attack. The goblin barely misses you.
The hobgoblin hits you. ๐Ÿ˜ฎ HP[-1]
You take 1 damage, and now have 16/29 hp.
You closely miss the adder. The adder barely misses you.
The goblin hits you but does no damage. x2; The hobgoblin hits you.
* * * LOW HITPOINT WARNING * * *
The adder closely misses you. ๐Ÿ˜จ HP[-6]
You take 6 damage, and now have 10/29 hp.
MASSIVE DAMAGE!! (PAUSE)
You closely miss the adder.
The goblin hits you but does no damage. x2
The hobgoblin hits you.
* * * LOW HITPOINT WARNING * * *
The adder bites you but does no damage. The goblin hits you but does no damage.
The adder barely misses you.
The hobgoblin hits you but does no damage.
The goblin hits you but does no damage. ๐Ÿ˜ฑ HP[-4]
You take 4 damage, and now have 6/29 hp.
You can't drink.
As you read the scroll labelled PUASTR QAOTHRUOG, it crumbles to dust.
It is a scroll of enchant weapon.
Your +0 flail {mace} glows red for a moment.
The hobgoblin no longer looks unusually strong.
You block the adder's attack. The goblin hits you with a +0 club.
* * * LOW HITPOINT WARNING * * *
The goblin hits you but does no damage.
The hobgoblin hits you but does no damage. ๐Ÿ˜ฑ HP[-2]
You take 2 damage, and now have 4/29 hp.
As you read the scroll labelled HAMEGOSEFI, it crumbles to dust.
The creatures around you are filled with an inner flame!
It was a scroll of immolation.
The goblin no longer looks unusually strong.
The adder barely misses you.
The goblin hits you but does no damage. x2
The hobgoblin hits you but does no damage.
The hobgoblin attacks as you move away!
The hobgoblin hits you but does no damage.
You see here a +0 club {mace}.
The goblin attacks as you move away! The goblin hits you with a +0 dagger.
* * * LOW HITPOINT WARNING * * *
The adder barely misses you. ๐Ÿ˜ฑ HP[-3]
You take 3 damage, and now have 1/29 hp.
The goblin attacks as you move away! You block the goblin's attack. x2
The hobgoblin hits you but does no damage.
The adder bites you but does no damage. ๐Ÿ˜ฑ HP[+1]
The adder attacks as you move away! The adder barely misses you.
The adder barely misses you.
You see here a worm corpse.
You can't drink.
Okay, then.
You aren't carrying any items that you can evoke.
The adder bites you but does no damage. The adder attacks as you move away!
The adder bites you but does no damage.
You hit the adder.
Flame seeps out of the adder.
The adder is engulfed in blazing flames.
Flame seeps out of the adder.
The adder bites you but does no damage.
The adder is engulfed in blazing flames.
The adder explodes!
The fiery explosion engulfs you!!! The fire burns you terribly!
Ouch! That really hurt!
You die...

Skill      XL: |  1  2  3 |
---------------+----------+-----
Maces & Flails | 2 3 |  3.3
Fighting       | |  3.0
Armour         | |  2.4
Shields        | |  2.4

Action                   || total
-------------------------++-------
Melee: Flail             ||    68
Throw: Stone             ||    42
  Use: Scroll            ||     4
Armor: Scale mail        ||    48
Dodge: Dodged            ||    40
Block: Buckler           ||    21

Levels and vault maps discovered:
D:1:      dpeg_arrival_triangle_fractal, layout_loops_ring,
          chequers_ecumenical_altar_simple_redux
D:2:      layout_basic, uniq_robin

Notes
Turn   | Place    | Note
-------+----------+-------------------------------------------
     0 | D:1      | spaghetti the Mummy Fighter began the quest for the Orb.
     0 | D:1      | Reached XP level 1. HP: 18/18 MP: 1/1
     0 | D:1      | magus.rc [v1.9.6]
   107 | D:1      | You add the spells Gell's Gravitas, Teleport Other and
                  | Dispersal to your library.
   193 | D:1      | Reached skill level 2 in Maces & Flails
   314 | D:1      | Reached XP level 2. HP: 24/24 MP: 2/2
   444 | D:1      | Found a faded altar of an unknown god.
   914 | D:2      | Gained mutation: You are in touch with the powers of death.
                  | [Mummy growth]
   914 | D:2      | Reached XP level 3. HP: 21/29 MP: 3/3
  1162 | D:2      | Noticed Robin
  1298 | D:2      | Reached skill level 3 in Maces & Flails
  1338 | D:2      | Killed Robin
  1342 | D:2      | HP: 6/29 [hobgoblin[Robin] (4)]
  1346 | D:2      | HP: 1/29 [goblin/+0 dagger[Robin] (3)]
  1358 | D:2      | Killed by an exploding adder... ignited by their inner
                  | flame

Vanquished Creatures
  Robin (D:2)
  2 adders (D:2)
  A dart slug (D:1)
  2 endoplasms
  2 giant cockroaches (D:1)
  4 goblins
  6 hobgoblins
  3 quokkas (D:1)
  2 ball pythons (D:1)
  2 frilled lizards (D:1)
25 creatures vanquished.

Vanquished Creatures (others)
  A worm (D:2)
1 creature vanquished.

Grand Total: 26 creatures vanquished

Table legend:
 A = Non-vault XP
 B = Vault XP
 C = Vault XP percentage of total XP
 D = Non-vault monster count
 E = Vault monster count
 F = Vault count percentage of total count
                 A         B        C        D         E       F
            +---------+---------+-------+---------+---------+-------
      Total |      67 |      22 |  24.7 |      22 |       4 |  15.4
            +---------+---------+-------+---------+---------+-------
        D:1 |      28 |       0 |   0.0 |      15 |       0 |   0.0
        D:2 |      39 |      22 |  36.1 |       7 |       4 |  36.4
            +---------+---------+-------+---------+---------+-------

Illustrated notes

Table legend:
 A = Kills in this place as a percentage of kills in entire the game.
 B = Kills by you in this place as a percentage of kills by you in the entire game.
 C = Kills by friends in this place as a percentage of kills by friends in the entire game.
 D = Other kills in this place as a percentage of other kills in the entire game.
 E = Experience gained in this place as a percentage of experience gained in the entire game.
 F = Experience gained in this place divided by the number of levels of this place that you have seen.
                   A       B       C       D       E      F
               +-------+-------+-------+-------+-------+----------------------
         Total | 100.0 | 100.0 |   N/A | 100.0 | 100.0 |  44.5
       Dungeon | 100.0 | 100.0 |   N/A | 100.0 | 100.0 |  44.5
               +-------+-------+-------+-------+-------+----------------------

Table legend: (Time is in decaauts)
 A = Elapsed time spent in this place.
 B = Non-inter-level travel time spent in this place.
 C = Inter-level travel time spent in this place.
 D = Time resting spent in this place.
 E = Time spent auto-exploring this place.
 F = Levels seen in this place.
 G = Mean time per level.
                   A        B        C        D        E       F      G
               +--------+--------+--------+--------+--------+-----+--------+
         Total |   1384 |   1336 |     48 |     91 |   1020 |   2 |  692.0 |
       Dungeon |   1384 |   1336 |     48 |     91 |   1020 |   2 |  692.0 |
               +--------+--------+--------+--------+--------+-----+--------+

Top non-repeatable levels by time:
     D:1: 913 daAuts
     D:2: 470 daAuts
